Map: Orbital Shipyard

Players

Miszu - Winner!

  • Race: Terran Terran
  • League: Master

Scyther

  • Race: Terran Terran
  • League: Master

VOD

Have the link to the VOD?

Description

Time

  • Played on: March 6, 2016, 4:56 p.m.
  • Length: 11:13
Show
View Real Time Build Order
Export as new Build Order

Miszu Terran - Winner!

Build Orders: Bio Tank 

Get SALT Encoding   

  12  0:01  SCV  
  13  0:13  SCV  
  14  0:19  Supply Depot  
  14  0:25  SCV  
  15  0:40  SCV  
  15  0:42  Barracks  
  16  0:46  Refinery  
  16  0:52  SCV  
  17  1:04  SCV  
  18  1:17  SCV  
  19  1:31  Barracks Reactor  
  19  1:32  Orbital Command  
  19  1:39  Command Center  
  19  1:52  Supply Depot  
  19  2:00  SCV  
  20  2:06  Refinery  
  20  2:08  Marine  
  20  2:09  Marine  
  20  2:12  SCV  
  23  2:24  SCV  
  23  2:26  Marine x2  
  26  2:34  Factory  
  26  2:36  SCV  
  27  2:44  Marine x2  
  27  2:48  SCV  
  30  2:58  Orbital Command  
  30  3:02  Marine x2  
  30  3:03  SCV  
  33  3:15  SCV  
  33  3:19  Starport, Factory Tech Lab  
  34  3:23  SCV  
  34  3:26  Marine x2  
  37  3:27  SCV  
  37  3:33  Engineering Bay  
  38  3:34  Supply Depot  
  38  3:35  SCV  
  38  3:39  SCV  
  40  3:41  Cyclone  
  40  3:48  SCV  
  44  3:52  Marine x2  
  46  3:56  SCV  
  46  3:57  Supply Depot, Medivac  
  46  4:02  SCV  
  50  4:08  SCV  
  49  4:14  SCV  
  49  4:15  Marine  
  49  4:16  Marine  
  51  4:20  SCV  
  52  4:24  Supply Depot  
  52  4:26  SCV  
  53  4:32  SCV  
  53  4:33  Marine  
  53  4:35  Command Center  
  55  4:38  SCV  
  56  4:48  SCV  
  56  4:50  Terran Infantry Weapons Level 1  
  56  4:51  Refinery, Siege Tank  
  56  4:52  Starport Reactor  
  60  4:54  Refinery  
  60  4:59  SCV  
  61  5:00  SCV  
  61  5:04  Supply Depot  
  62  5:12  SCV  
  62  5:13  SCV  
  64  5:19  Marine x2, Barracks  
  64  5:20  Barracks  
  66  5:24  SCV  
  66  5:25  SCV  
  68  5:42  SCV  
  68  5:45  SCV  
  68  5:46  Barracks  
  68  5:47  Barracks  
  68  5:49  Orbital Command  
  69  5:55  Engineering Bay  
  69  5:57  SCV  
  68  5:58  Siege Tank, Armory  
  68  6:01  SCV  
  72  6:06  Medivac x2  
  72  6:08  Barracks Tech Lab x2  
  72  6:10  SCV  
  72  6:11  Orbital Command  
  77  6:13  SCV  
  78  6:19  Marine x2  
  78  6:22  SCV  
  81  6:28  Marine x2  
  81  6:31  SCV  
  81  6:32  Combat Shields  
  84  6:33  Stimpack  
  84  6:34  SCV  
  84  6:36  Marine  
  84  6:37  Barracks Tech Lab x2  
  84  6:38  Barracks Reactor  
  84  6:39  SCV  
  87  6:43  SCV  
  87  6:44  Marine  
  87  6:45  Siege Tank  
  87  6:46  Barracks Reactor, SCV  
  93  6:49  Terran Infantry Armor Level 1, Terran Infantry Weapons Level 2  
  93  6:50  Terran Vehicle Weapons Level 1  
  93  6:53  Refinery  
  93  6:54  Refinery  
  93  6:57  Supply Depot  
  93  6:58  Supply Depot  
  93  7:02  SCV  
  93  7:07  Supply Depot  
  93  7:18  Marine x4, SCV x2  
  93  7:19  Supply Depot, SCV  
  93  7:20  Supply Depot, Marauder  
  102  7:23  Marine  
  102  7:24  Marine, Marauder  
  102  7:27  Siege Tank  
  102  7:28  Medivac  
  111  7:30  Supply Depot  
  111  7:31  SCV x3  
  114  7:40  Factory  
  114  7:42  Supply Depot  
  114  7:43  SCV x3  
  117  7:44  Supply Depot  
  117  7:53  Marine x3  
  117  7:55  SCV x2  
  122  7:59  Siege Tank  
  122  8:00  Supply Depot  
  122  8:03  Marine x2  
  122  8:04  Marine x2  
  129  8:05  Supply Depot  
  129  8:10  Supply Depot  
  129  8:13  Marine x3  
  131  8:23  Marine x5  
  128  8:31  Supply Depot, Marine x3, Siege Tank  
  128  8:33  Factory Tech Lab  
  134  8:40  Marine, Medivac x2  
  139  8:41  Marine x4  
  143  8:48  Marine  
  143  8:49  Marine x2  
  143  8:50  Terran Infantry Armor Level 2, Command Center  
  143  8:53  Terran Vehicle Weapons Level 2  
  146  8:58  Marine  
  146  8:59  Marine x4  
  151  9:06  Marine, Siege Tank x2  
  151  9:07  Marine x2  
  160  9:10  Medivac  
  160  9:16  Marine  
  160  9:17  Marine x3  
  161  9:19  Marine  
  165  9:24  Marine x3  
  165  9:25  Medivac  
  162  9:34  Marine x2  
  162  9:35  Reaper  
  162  9:38  Marine x2, Siege Tank x2  
  157  9:42  Marine x3  
  153  9:48  Medivac  
  153  9:52  Marine x2  
  156  9:55  Medivac  
  156  9:56  Marine x2  
  161  10:00  Marine  
  162  10:10  Siege Tank x2  
  168  10:16  Marine x2  
  168  10:17  Marine x6  
  168  10:19  Refinery  
  168  10:20  Sensor Tower  
  176  10:22  Refinery  
  176  10:23  Sensor Tower  
  175  10:34  Marine x5  
  179  10:37  Marine  
  179  10:40  Marine  
  179  10:41  Medivac x2  
Show
View Real Time Build Order
Export as new Build Order

Scyther Terran 

Build Orders: 1/1/1, Bio Tank, Widow Mine Drop 

Get SALT Encoding   

  12  0:01  SCV  
  13  0:13  SCV  
  14  0:18  Supply Depot  
  14  0:25  SCV  
  14  0:28  Refinery  
  15  0:40  SCV  
  16  0:45  Barracks  
  16  0:52  SCV  
  17  1:04  SCV  
  18  1:16  SCV  
  19  1:31  Orbital Command  
  19  1:32  Factory, Marine  
  20  1:43  Supply Depot  
  20  1:50  Marine  
  21  1:57  SCV  
  22  2:11  Command Center  
  21  2:21  Starport  
  21  2:24  Widow Mine  
  21  2:28  Marine  
  24  2:32  SCV  
  25  2:42  Supply Depot  
  25  2:45  Marine, SCV  
  27  2:54  Refinery  
  27  2:57  Medivac, SCV  
  30  3:05  Marine  
  31  3:09  SCV  
  31  3:11  Factory Tech Lab  
  32  3:21  SCV  
  32  3:23  Barracks Reactor  
  32  3:24  Orbital Command  
  33  3:33  SCV  
  34  3:38  Viking  
  36  3:45  SCV  
  37  3:50  Barracks  
  37  3:52  Barracks  
  37  3:53  SCV, Factory Reactor  
  38  3:57  SCV  
  39  4:05  SCV  
  39  4:09  SCV  
  36  4:17  SCV  
  36  4:21  Starport Reactor, SCV  
  36  4:22  Marine x2  
  40  4:28  Supply Depot  
  40  4:29  SCV  
  41  4:33  SCV  
  42  4:39  Factory Tech Lab  
  42  4:41  SCV  
  42  4:43  Command Center  
  43  4:46  SCV, Stimpack  
  43  4:49  Marine x2  
  43  4:50  Marine  
  43  4:51  Marine  
  48  4:53  SCV  
  48  4:58  SCV  
  50  5:00  Siege Tank  
  50  5:04  Refinery  
  50  5:05  Refinery, SCV  
  54  5:10  Marine x3  
  54  5:11  Marine x2  
  59  5:17  Supply Depot  
  59  5:18  Medivac  
  61  5:23  SCV  
  62  5:30  SCV  
  62  5:35  SCV  
  62  5:37  Marine x2  
  62  5:38  Marine  
  62  5:39  Medivac  
  62  5:42  SCV  
  65  5:47  SCV  
  66  5:51  Siege Tank  
  66  5:52  Marine  
  66  5:54  Marine, SCV  
  66  5:55  Marine  
  66  5:56  Orbital Command  
  73  6:08  Barracks  
  73  6:09  Barracks  
  73  6:15  SCV  
  73  6:16  Engineering Bay, SCV  
  73  6:17  Engineering Bay  
  75  6:19  Orbital Command  
  75  6:20  Marine x2  
  75  6:21  Marine  
  75  6:22  Marine  
  79  6:28  SCV x2  
  81  6:33  Marine  
  81  6:38  Siege Tank  
  85  6:45  Supply Depot  
  85  6:46  Supply Depot  
  85  6:57  Barracks Reactor  
  85  6:58  Barracks Reactor  
  85  6:59  Terran Infantry Weapons Level 1, Terran Infantry Armor Level 1  
  85  7:07  Supply Depot, Marine, SCV x3  
  89  7:11  Medivac x2  
  89  7:14  Siege Tank  
  96  7:19  SCV x3  
  99  7:22  Supply Depot  
  99  7:23  Supply Depot  
  99  7:26  Factory  
  99  7:28  Marine  
  99  7:29  Marine x4  
  104  7:31  SCV x3, Combat Shields  
  107  7:41  Supply Depot  
  107  7:43  SCV x2  
  109  7:44  Missile Turret  
  109  7:48  Siege Tank  
  109  7:49  Marine  
  117  7:57  SCV x2  
  117  7:58  Barracks  
  115  8:00  Barracks x2, SCV  
  116  8:09  Refinery, SCV x2  
  116  8:10  Factory Tech Lab  
  116  8:11  Supply Depot  
  116  8:12  Refinery  
  117  8:13  Supply Depot  
  117  8:18  SCV  
  118  8:21  Marine x2  
  118  8:22  SCV  
  118  8:23  SCV  
  122  8:28  Marine x2  
  122  8:30  SCV  
  122  8:31  Supply Depot, Marine x2  
  122  8:32  Siege Tank  
  128  8:35  SCV  
  128  8:36  Marine x2  
  128  8:38  Medivac x2  
  135  8:42  Siege Tank  
  135  8:46  Barracks Reactor  
  138  8:49  Supply Depot, Barracks Reactor  
  138  8:50  Barracks Reactor  
  138  8:51  Marine x2  
  140  8:56  Armory  
  140  8:58  Marine x2  
  140  8:59  Marine x4  
  146  9:05  Marine  
  146  9:08  Marine x2  
  149  9:10  SCV x2  
  149  9:16  Marine x3  
  154  9:22  Marine x2  
  156  9:28  Marine x2  
  156  9:30  Marine x2, Command Center  
  159  9:32  Supply Depot x2  
  159  9:34  Marine x2  
  159  9:35  Supply Depot  
  156  9:39  Marine  
  156  9:40  Marine  
  156  9:41  Siege Tank x2  
  156  9:42  SCV  
  165  9:46  SCV  
  165  9:54  Supply Depot  
  165  9:55  Supply Depot x2  
  165  10:06  Medivac x2  
  169  10:13  Barracks  
  169  10:16  Barracks  
  169  10:17  Barracks  
  169  10:18  Marine x3  
  169  10:19  Marine x3  
  175  10:24  Marine x2  
  175  10:27  Marine  
  177  10:34  Siege Tank  
  183  10:36  Marine x2  
  183  10:40  Marine x2, Barracks  
  183  10:41  Barracks  
  182  10:43  Barracks  
  182  10:44  Marine x2  
  174  10:51  Marine x2  
Tags
 
Add a new tag
Caveats
  • Supply blocks, unpowered buildings, or Contaminate may cause inaccurate times.
  • Supply counts are checked every 10 seconds.